 Dungeon Crawl Stone Soup version 0.20.0-10-g0535bb4 (console) character file.

33 removed the Sneak (level 3, 0/20 HPs)
             Began as a Deep Elf Assassin on June 4, 2017.
             Succumbed to an adder's poison
             ... on level 2 of the Dungeon.
             The game lasted 00:01:52 (1133 turns).

removed the Sneak (Deep Elf Assassin)               Turns: 1133, Time: 00:01:53

Health: 0/20       AC:  3    Str:  8    XL:     3   Next: 12%
Magic:  5/5        EV: 15    Int: 16    God:
Gold:   94         SH:  0    Dex: 16    Spells: 2/2 levels left

rFire    + . .     SeeInvis .   a - +2 dagger
rCold    + + .     Gourm    .   (no shield)
rNeg     . . .     Faith    .   c - +0 robe
rPois    +         Spirit   .   (no helmet)
rElec    +         Reflect  .   d - +0 cloak
rCorr    +         Harm     .   (no gloves)
MR       .....                  (no boots)
Stlth    +++.......             (no amulet)
Regen    0.1/turn               (no ring)
MPRegen  0.1/turn               (no ring)

@: lethally poisoned (0 -> -11), resistant
A: repulsion field 1, cold resistance 1
a: no special abilities


You were on level 2 of the Dungeon.
You were not hungry.

You visited 1 branch of the dungeon, and saw 2 of its levels.

You collected 94 gold pieces.

Inventory:

Hand Weapons
 a - a +2 dagger (weapon)
 b - a +0 blowgun
 q - a +0 whip of pain
Missiles
 e - 29 poisoned needles
 f - 2 curare-tipped needles
Armour
 c - a +0 robe (worn)
 d - a +0 cloak (worn)
Scrolls
 h - a scroll of magic mapping {unknown}
 k - a scroll of fear {unknown}
 o - a scroll of teleportation {unknown}
 p - a scroll of fog {unknown}
 s - a scroll of immolation {unknown}
 u - 2 scrolls of identify {unknown}
Comestibles
 g - 2 bread rations
 m - a royal jelly
 n - a meat ration
 r - 2 fruits
 v - a chunk of flesh


   Skills:
 - Level 1.5 Fighting
 - Level 3.0 Short Blades
 - Level 2.0 Throwing
 + Level 2.6 Dodging
 - Level 4.8 Stealth


You had 2 spell levels left.
You didn't know any spells.

Dungeon Overview and Level Annotations

Branches:
Dungeon (2/15)

Altars:


Innate Abilities, Weirdness & Mutations

You are surrounded by a mild repulsion field. (EV +2)
Your flesh is cold resistant. (rC+)


Message History

You are more poisoned.
The adder poisons you!
You hit the adder.
The adder is heavily wounded.
* * * LOW HITPOINT WARNING * * *
You feel sick.
The adder looks more healthy.
The adder closely misses you.
It was a potion of mutation.
You feel extremely strange.
Your thoughts seem clearer.
Icy blue scales grow over part of your body.
* * * LOW HITPOINT WARNING * * *
You feel sick. The adder barely misses you.
It was a potion of resistance.
You feel protected.
* * * LOW HITPOINT WARNING * * *
You feel sick. The adder bites you.
* * * LOW HITPOINT WARNING * * *
You feel extremely strange.
Your thinking seems confused.
Your icy blue scales disappear.
You feel resistant to cold.
You begin to radiate repulsive energy.
You die...

#.. #S.
#.. #(.
#.###..
.....
#..#######
#(SS@....#
##.#####.#
#. #.# #.
#.# #. #.#
#. #.# #.
#.# #. #.#
#.# #.#


You could see an adder and a ball python.

Vanquished Creatures
  An adder (D:2)
  A leopard gecko (D:1)
  4 bats (D:1)
  A giant cockroach (D:1)
  A hobgoblin (D:1)
  2 jackals (D:1)
  2 frilled lizards (D:1)
  3 goblins
  6 kobolds
  4 rats
25 creatures vanquished.

Notes
Turn   | Place    | Note
-------+----------+-------------------------------------------
     0 | D:1      | removed the Deep Elf Assassin began the quest for the Orb.
     0 | D:1      | Reached XP level 1. HP: 12/12 MP: 3/3
   283 | D:1      | Reached XP level 2. HP: 13/16 MP: 4/4
   926 | D:2      | Reached XP level 3. HP: 11/20 MP: 5/5
  1131 | D:2      | Gained mutation: You possess an exceptional clarity of mind. [potion of mutation]
  1131 | D:2      | Gained mutation: You are partially covered in icy blue scales. (AC +2) [potion of mutation]
  1132 | D:2      | HP: 1/20 [adder (2)]
  1133 | D:2      | Lost mutation: You possess an exceptional clarity of mind. [potion of mutation]
  1133 | D:2      | Lost mutation: You are partially covered in icy blue scales. (AC +2) [potion of mutation]
  1133 | D:2      | Gained mutation: Your flesh is cold resistant. (rC+) [potion of mutation]
  1133 | D:2      | Gained mutation: You are surrounded by a mild repulsion field. (EV +2) [potion of mutation]
  1133 | D:2      | Succumbed to an adder's poison

Skill      XL: |  1  2 |
---------------+-------+-----
Short Blades   | 3 |  3.0
Dodging        | 2 |  2.6
Fighting       | |  1.5
Throwing       | |  2.0
Stealth        | |  4.8

Action                   || total
-------------------------++-------
Melee: Dagger            ||    70
 Fire: Blowgun           ||    10
  Use: Potion            ||     3
 Stab: Sleeping          ||     7
  Eat: Chunk             ||     1
Armor: Robe              ||    17
Dodge: Dodged            ||    52
